 Dungeon Crawl Stone Soup version 0.26.0-57-g60708a5e39 (webtiles) character file.

Game seed: 3483822638193392649

142 PentaManta the Ruffian (level 5, 0/45 HPs)
             Began as a Ghoul Abyssal Knight on Feb 1, 2021.
             Was a Believer of Lugonu.
             Slain by a lemure (1 damage)
             ... led by Pikel
             ... on level 4 of the Dungeon.
             The game lasted 00:04:11 (2909 turns).

PentaManta the Ruffian (Ghoul Abyssal Knight)       Turns: 2909, Time: 00:04:11

Health: 0/45       AC:  7    Str: 17    XL:     5   Next: 24%
Magic:  5/5        EV:  9    Int:  7    God:    Lugonu [**....]
Gold:   192        SH:  0    Dex:  8    Spells: 4/4 levels left

rFire    . . .     SeeInvis .     - Unarmed
rCold    + . .     Faith    .   (no shield)
rNeg     + + +     Spirit   .   s - +0 scale mail
rPois    ∞         Reflect  .   (no helmet)
rElec    .         Harm     .   e - +0 cloak
rCorr    .         Rampage  .   (no gloves)
Will     .....                  (no boots)
Stlth    ..........             (no amulet)
HPRegen  0.00/turn              (no ring)
MPRegen  0.09/turn              (no ring)

@: no status effects
A: claws 1, cold resistance 1, negative energy resistance 3, inhibited
regeneration, torment resistance, unbreathing
a: Renounce Religion, Depart the Abyss, Bend Space


You were on level 4 of the Dungeon.
You worshipped Lugonu.
Lugonu was pleased with you.
You visited 1 branch of the dungeon, and saw 4 of its levels.
You visited the Abyss 1 time.

You collected 192 gold pieces.

Inventory:

Hand Weapons
 k - a +0 hunting sling
Missiles
 h - 16 poisoned darts
 l - 13 stones
Armour
 e - a +0 cloak (worn)
 g - a +0 plate armour
 s - a +0 scale mail (worn)
Jewellery
 p - an uncursed ring of fire {unknown}
 r - a cursed +4 ring of protection {unknown}
Scrolls
 a - a scroll of enchant weapon {unknown}
 c - 3 scrolls of fear {unknown}
 d - 4 scrolls of amnesia {unknown}
 f - 2 scrolls of immolation {unknown}
 i - 3 scrolls of identify {unknown}
 j - 2 scrolls of enchant armour {unknown}
 q - a scroll of remove curse {unknown}
Potions
 b - a potion of mutation {unknown}
 m - 4 potions of curing {unknown}
 o - a potion of berserk rage {unknown}


   Skills:
 - Level 3.2 Fighting
 - Level 1.7 Armour
 - Level 0.8 Dodging
 + Level 5.8 Unarmed Combat
 - Level 2.0 Invocations


You had 4 spell levels left.
You didn't know any spells.
Your spell library was empty.

Dungeon Overview and Level Annotations

Branches:
Dungeon (4/15)             Temple (0/1) D:4

Altars:
Cheibriados
Yredelemnul

Annotations:
D:4 Pikel


Innate Abilities, Weirdness & Mutations

You thrive by killing the living.
You are immune to poison.
You have sharp fingernails.
Your flesh is cold resistant. (rC+)
You are immune to negative energy. (rN+++)
You do not regenerate when monsters are visible.
You are immune to unholy pain and torment.
You can survive without breathing.


Message History

Pikel freezes you. The lemure misses you.
You scratch Pikel.
Pikel is moderately wounded.
Pikel closely misses you. The lemure barely misses you. The lemure hits you!
Your scale mail prevents you from hitting Pikel.
Pikel is moderately wounded.
The lemure hits you.
Pikel hits you with a +1 whip of freezing.
* * * LOW HITPOINT WARNING * * *
The lemure hits you.
* * * LOW HITPOINT WARNING * * *
The lemure barely misses you.
A lemure comes into view.
The lemure hits you!
* * * LOW HITPOINT WARNING * * *
Okay, then.
There is a stone staircase leading down here.
Found a stone staircase leading up.
The lemure hits you.
You die...

#.....## ##....##
#..#...# ##.. #...#
##.. ##..## ##..
##...#
##...####....#
##.....K.5....##
#.....@5>5.....#
#.......5.......#
.<..........#...#
............#....#
...........###...#
............ .....#
.........#.....#...#
.......###..>..###.#
?..# ..


You could see Pikel and 4 lemures.

Vanquished Creatures
  6 adders
  3 worms
  A dart slug (D:2)
  A leopard gecko (D:2)
  2 orcs (D:3)
  4 giant cockroaches
  8 goblins
  11 hobgoblins
  9 jackals
  A quokka (D:3)
  2 ball pythons
  8 bats
  5 frilled lizards
  5 kobolds
  A quokka zombie (D:4)
  4 rats
71 creatures vanquished.

Notes
Turn   | Place    | Note
-------+----------+-------------------------------------------
     0 | Abyss:1  | PentaManta the Ghoul Abyssal Knight began the quest for the
                  | Orb.
     0 | Abyss:1  | Reached XP level 1. HP: 19/19 MP: 1/1
    35 | D:1      | Escaped the Abyss
   261 | D:1      | Reached XP level 2. HP: 20/26 MP: 2/2
   262 | D:1      | Reached skill level 3 in Unarmed Combat
   437 | D:1      | Reached * piety under Lugonu
   475 | D:1      | You fall into a shaft and drop 1 floor!
   480 | D:2      | Reached XP level 3. HP: 30/31 MP: 3/3
   512 | D:2      | Reached skill level 4 in Unarmed Combat
   841 | D:2      | Found a basalt altar of Yredelemnul.
   975 | D:2      | Reached XP level 4. HP: 32/38 MP: 4/4
  1275 | D:2      | Found a snail-covered altar of Cheibriados.
  1303 | D:2      | Reached ** piety under Lugonu
  1304 | D:2      | Reached skill level 5 in Unarmed Combat
  1934 | D:3      | Reached XP level 5. HP: 32/45 MP: 5/5
  2811 | D:4      | Noticed an ogre
  2893 | D:4      | Noticed Pikel
  2893 | D:4      | Noticed a lemure
  2894 | D:4      | Noticed a lemure
  2896 | D:4      | Found a staircase to the Ecumenical Temple.
  2896 | D:4      | Noticed a lemure
  2904 | D:4      | Noticed a lemure
  2905 | D:4      | HP: 1/45 [lemure[Pikel] (7)]
  2909 | D:4      | Slain by a lemure

Illustrated notes

Levels and vault maps discovered:
D:1:      ebering_hopf_link, layout_basic, minmay_tiny_reverse_x
D:2:      minmay_angry_zag, layout_basic, old_standard_altar, serial_forest,
          infiniplex_forest_lined_room_3, infiniplex_forest_lined_2,
          infiniplex_forest_lined_room_3, infiniplex_forest_lined_2,
          infiniplex_forest_end_1, infiniplex_forest_lined_2,
          infiniplex_forest_straight_3, infiniplex_forest_lined_room_,
          infiniplex_forest_pool, minmay_misc_feat_chi,
          yredelemnul_altar_generic
D:3:      minmay_skewed_foursquare, layout_basic, wad_rectangle_vault
D:4:      wander_river, layout_cave_pods, minmay_temple_entry_tees,
          bloody_makhleb, uniq_pikel

Skill      XL: |  1  2  3  4 |
---------------+-------------+-----
Unarmed Combat | 3 4 5 |  5.8
Fighting       | |  3.2
Armour         | |  1.7
Dodging        | |  0.8
Invocations    | |  2.0

Action                   |  1- 3 |  4- 6 || total
-------------------------+-------+-------++-------
Melee: Unarmed           |   128 |   106 ||   234
       Punch             |     2 |     1 ||     3
Invok: Depart the Abyss  |     1 |       ||     1
Armor: Leather armour    |    43 |     5 ||    48
       Ring mail         |       |    30 ||    30
       Scale mail        |       |     7 ||     7
Dodge: Dodged            |    89 |    56 ||   145
